 Dungeon Crawl Stone Soup version 0.28.0-53-g5a82cb258f (webtiles) character file.

Game seed: 264274029182235061

6143 Legadrian the Protected (level 10, -1/74 HPs)
             Began as a Gargoyle Fighter on July 7, 2022.
             Was a Follower of Trog.
             Slain by a fire elemental (2 damage)
             ... summoned by a deep elf pyromancer
             ... on level 7 of the Dungeon.
             The game lasted 00:30:38 (9882 turns).

Legadrian the Protected (Gargoyle Fighter)          Turns: 9882, Time: 00:30:39

Health: -1/74      AC: 29    Str: 24    XL:     10   Next: 90%
Magic:  0/3        EV:  8    Int:  9    God:    Trog [*.....]
Gold:   444        SH:  4    Dex: 11    Spells: 9/9 levels left

rFire   . . .      SeeInvis +   g - +4 dagger "Feij Dul" {antimagic, rN+ SInv Stlth-}
rCold   . . .      Faith    .   c - +0 buckler
rNeg    + + .      Spirit   +   w - +5 chain mail
rPois   ∞          Reflect  .   (no helmet)
rElec   +          Harm     .   (no cloak)
rCorr   .          Rampage  .   u - +0 pair of gloves
Will    .....      Rage     1%  r - +2 pair of boots
Stlth   ..........              l - amulet of guardian spirit
HPRegen 0.22/turn               (no ring)
MPRegen 0.08/turn               (no ring)

@: on berserk cooldown, invisible, unable to read
A: sickness immunity, AC +7, negative energy resistance 1, electricity
resistance, torment resistance 1, petrification resistance, agile 1, berserk 1,
robust 1, inability to read while threatened, MP-powered wands
a: Renounce Religion, Berserk


You were on level 7 of the Dungeon.
You worshipped Trog.
Trog was aware of your devotion.
You visited 2 branches of the dungeon, and saw 8 of its levels.
You also visited: Sewer.

You collected 444 gold pieces.

Inventory:

Hand Weapons
 d - a +0 halberd of flaming
 g - the +4 dagger "Feij Dul" (weapon) {antimagic, rN+ SInv Stlth-}
   (You found it on level 6 of the Dungeon)

   It reduces the magical energy of the wielder, and disrupts the spells and
   magical abilities of those it strikes.
   Natural abilities and divine invocations are not affected.
   rN:        It protects you from negative energy.
   SInv:      It lets you see invisible.
   Stlth:     It makes you less stealthy.
 o - a +3 flail
 t - a +4 vorpal long sword
 v - a +0 whip of draining
 y - a +0 hunting sling
 B - a +2 flail
 D - a +0 vorpal shortbow
Missiles
 j - 255 stones (quivered)
 m - 2 throwing nets
 p - 196 arrows
 q - 46 sling bullets
 x - 87 bolts
 A - 5 poisoned darts
Armour
 b - a +0 scale mail
 c - a +0 buckler (worn)
 r - a +2 pair of boots (worn)
 u - a +0 pair of gloves (worn)
 w - a +5 chain mail (worn)
Jewellery
 l - an amulet of guardian spirit (around neck)
 E - a ring of ice
Wands
 F - a wand of paralysis (7)
Scrolls
 a - a scroll of identify
 e - 3 scrolls of fear
 n - 5 scrolls of teleportation
 z - a scroll of blinking {unknown}
Potions
 f - a potion of curing
 i - a potion of degeneration
 C - a potion of resistance {unknown}


   Skills:
 - Level 9.8 Fighting
 + Level 8.7(9.0) Short Blades
 - Level 3.1(6.3) Long Blades
 - Level 2.0 Maces & Flails
 - Level 10.6 Armour
 - Level 3.2 Shields


You had 9 spell levels left.
You didn't know any spells.
Your spell library contained the following spells:

 Spells                   Type           Power      Damage    Failure   Level
 Beastly Appendage        Tmut           0%         N/A       95%         1
 Wereblood                Tmut           0%         N/A       99%         2
 Dazzling Flash           Conj/Hex       0%         N/A       100%        3
 Spider Form              Tmut/Pois      0%         N/A       100%        3
 Agony                    Necr           0%         N/A       100%        5
 Silence                  Hex/Air        0%         N/A       100%        5


Dungeon Overview and Level Annotations

Branches:
Dungeon (7/15)             Temple (1/1) D:6           Sewer (visited)

Altars:
Ashenzari
Cheibriados
Dithmenos
Elyvilon
Fedhas
Hepliaklqana
Kikubaaqudgha
Makhleb
Okawaru
Qazlal
Ru
Sif Muna
Trog
Uskayaw
Wu Jian
Xom
Yredelemnul
Zin
The Shining One


Innate Abilities, Weirdness & Mutations

You are immune to sickness and miasma.
Your stone body is resilient. (AC +7)
You are immune to poison.
You resist negative energy. (rN+)
You are resistant to electric shocks. (rElec)
You are resistant to unholy torment.
You are immune to petrification.
You are agile. (Dex +2)
You tend to lose your temper in combat.
You are robust. (+10% HP)
You sometimes lose the ability to read scrolls when taking damage.
You expend magic power (3 MP) to strengthen your wands.


Message History

The deep elf pyromancer blinks!
You block the fire elemental's attack.
The deep elf pyromancer mumbles some strange words.
Things that are here:
a +2 shortbow of flaming; a +0 trident; an orc corpse The fire elemental misses you.
The fire elemental hits you. The fire elemental burns you!
* * * LOW HITPOINT WARNING * * *
The deep elf pyromancer casts a spell.
You feel better. The fire elemental hits you. The fire elemental burns you!
* * * LOW HITPOINT WARNING * * *
The fire elemental hits you. The fire elemental burns you!
* * * LOW HITPOINT WARNING * * *
The fire elemental barely misses you.
There is an open door here.
The fire elemental disappears in a puff of smoke!
Your extra speed is starting to run out.
Found 3 scrolls of identify.
The deep elf pyromancer gestures wildly while chanting.
It was a potion of invisibility.
You fade into invisibility!
You feel yourself speed up. The fire elemental hits you.
The fire elemental burns you!
* * * LOW HITPOINT WARNING * * *
The fire elemental barely misses you.
Really walk into that cloud of flame? [Y]es or [N]o only, please.
Really walk into that cloud of flame? [Y]es or [N]o only, please.
Really walk into that cloud of flame?
Okay, then.
You feel yourself slow down.
You hit the fire elemental.
The fire elemental is lightly damaged.
The fire elemental hits you. The fire elemental burns you!
* * * LOW HITPOINT WARNING * * *
You closely miss the fire elemental.
The fire elemental is lightly damaged.
You feel better. The fire elemental hits you. The fire elemental burns you!
* * * LOW HITPOINT WARNING * * *
The fire elemental hits you. The fire elemental burns you!
You die...

.......<.....#...
###.##........### #
##.....#..##
.........##
.#######..##
##...○.##..#
##.!#E#..##..
########..##°##○.##
#.E@#[#..#.°...#..#
#E###○#.##.....##○##
#°○EE○e........)†.'#
#.###°#.##..:..##.#.
#?#))$#☼.#.....#..##
###†####○°##E##..###
... ##○.#○#..###.
#...e ##.....#####
#..#.. #########[#


You could see 2 fire elementals.

Vanquished Creatures
  A hydra (D:7)
  A two-headed ogre (D:7)
  A troll (D:6)
  A hornet (D:5)
  A yak (D:7)
  A steam dragon (D:6)
  A vampire mosquito (D:7)
  4 water moccasins
  2 ice beasts
  A hornet zombie (D:7)
  A necrophage (D:5)
  4 centaurs
  6 ogres
  A phantom (D:5)
  3 kobold brigands
  4 bullfrogs
  2 scorpions
  A gnoll sergeant (D:7)
  A water moccasin zombie (D:7)
  A wyvern skeleton (D:7)
  A water moccasin skeleton (D:6)
  5 wights (D:7)
  A killer bee (D:7)
  2 howler monkeys (D:7)
  5 hounds
  2 bullfrog zombies
  2 orc priests (D:6)
  A bullfrog skeleton (D:7)
  3 gnoll shamans
  2 jellies
  5 iguanas
  5 centaur skeletons
  2 killer bee zombies
  3 hound skeletons
  2 howler monkey zombies (D:7)
  24 gnolls
  10 adders
  6 river rats (Sewer)
  2 shadow imps
  A white imp (D:6)
  An ufetubus (D:7)
  An adder skeleton (D:4)
  2 dart slugs
  13 orcs
  11 ball pythons
  3 endoplasms
  9 giant cockroaches
  7 goblins
  7 hobgoblins
  2 jackals (D:2)
  20 kobolds
  5 quokkas
  3 bats
  2 frilled lizards
  25 rats
233 creatures vanquished.

Vanquished Creatures (others)
  An adder (D:6)
1 creature vanquished.

Grand Total: 234 creatures vanquished

Notes
Turn   | Place    | Note
-------+----------+-------------------------------------------
     0 | D:1      | Legadrian the Gargoyle Fighter began the quest for the Orb.
     0 | D:1      | Reached XP level 1. HP: 14/14 MP: 1/1
   412 | D:1      | Reached XP level 2. HP: 8/20 MP: 2/2
   920 | D:1      | Reached XP level 3. HP: 24/24 MP: 3/3
   955 | D:1      | Reached skill level 4 in Armour
  1222 | D:2      | Found a faded altar of an unknown god.
  2135 | D:3      | Reached XP level 4. HP: 26/30 MP: 2/4
  2435 | D:3      | Noticed a water moccasin
  2445 | D:3      | Killed a water moccasin
  2446 | D:3      | Reached skill level 5 in Fighting
  2446 | D:3      | Reached skill level 5 in Armour
  2446 | D:3      | Reached XP level 5. HP: 24/35 MP: 3/5
  2977 | D:3      | Reached XP level 6. HP: 37/40 MP: 6/6
  3448 | D:4      | Found a hide-covered altar of Uskayaw.
  3698 | D:4      | Found a hazy altar of Hepliaklqana.
  3831 | D:4      | Found a glowing drain.
  3858 | Sewer    | Entered a sewer
  4087 | Sewer    | Reached skill level 6 in Armour
  4478 | Sewer    | Reached XP level 7. HP: 42/47 MP: 4/7
  4996 | D:5      | Entered Level 5 of the Dungeon
  5007 | D:5      | Reached skill level 7 in Armour
  5280 | D:5      | Noticed a hornet
  5294 | D:5      | Killed a hornet
  5295 | D:5      | Reached skill level 8 in Armour
  5295 | D:5      | Reached XP level 8. HP: 41/54 MP: 2/8
  5571 | D:5      | Found an ancient bone altar of Kikubaaqudgha.
  5715 | D:5      | Found a glowing golden altar of the Shining One.
  5746 | D:5      | Reached skill level 1 in Long Blades
  6154 | D:5      | Gained mutation: You are frail. (-10% HP) [potion of
                  | mutation]
  6154 | D:5      | Gained mutation: You sometimes lose the ability to read
                  | scrolls when taking damage. [potion of mutation]
  6154 | D:5      | Gained mutation: You expend magic power (3 MP) to
                  | strengthen your wands. [potion of mutation]
  6154 | D:5      | Gained mutation: Your spells are a little harder to cast,
                  | but a little more powerful. [potion of mutation]
  6200 | D:5      | Lost mutation: Your spells are a little harder to cast, but
                  | a little more powerful. [potion of mutation]
  6200 | D:5      | Lost mutation: You are frail. (-10% HP) [potion of
                  | mutation]
  6200 | D:5      | Gained mutation: You are robust. (+10% HP) [potion of
                  | mutation]
  6200 | D:5      | Gained mutation: You tend to lose your temper in combat.
                  | [potion of mutation]
  6200 | D:5      | Gained mutation: You are agile. (Dex +2) [potion of
                  | mutation]
  6466 | D:6      | Found a staircase to the Ecumenical Temple.
  6476 | Temple   | Entered the Ecumenical Temple
  6582 | D:6      | Reached skill level 9 in Armour
  6661 | D:6      | Reached XP level 9. HP: 60/66 MP: 9/9
  7075 | D:6      | Noticed a troll
  7175 | D:6      | Killed a troll
  7176 | D:6      | Reached skill level 10 in Armour
  7408 | D:6      | Identified the +4 dagger "Feij Dul" {antimagic, rN+ SInv
                  | Stlth-}
  7434 | D:6      | Found a blossoming altar of Fedhas.
  8100 | D:6      | Reached skill level 1 in Short Blades
  8731 | D:7      | Found a bloodstained altar of Trog.
  8739 | D:7      | Became a worshipper of Trog the Wrathful
  9054 | D:7      | Reached XP level 10. HP: 73/74 MP: 3/10
  9148 | D:7      | Found an iron altar of Okawaru.
  9296 | D:7      | Reached skill level 5 in Short Blades
  9319 | D:7      | Reached * piety under Trog
  9808 | D:7      | Noticed a two-headed ogre
  9818 | D:7      | Noticed a seven-headed hydra
  9830 | D:7      | Killed a seven-headed hydra
  9834 | D:7      | Identified the +7 battleaxe of the Globe {vorpal, rF++
                  | Dex-5}
  9834 | D:7      | Noticed a deep elf pyromancer
  9838 | D:7      | Killed a two-headed ogre
  9880 | D:7      | HP: 1/74 [fire elemental[a deep elf pyromancer] (7)]
  9882 | D:7      | Slain by a fire elemental

Illustrated notes

Levels and vault maps discovered:
D:1:      ncdulo_lavacross, layout_loops_corners, minmay_misc_feat_more_columns,
          feat_on_display
D:2:      layout_loops_ring, ebering_ecumenical_altar_abandoned,
          chequers_serial_rivers_large_b, chequers_serial_rivers_large_a
D:3:      layout_basic, minmay_diced_spiral
D:4:      layout_loops_ring, mainiacjoe_overflow_boulevard,
          mainiacjoe_overflow_alcove_2, serial_glass, glass_columns_a,
          glass_columns_a, glass_columns_a, glass_columns_a, glass_columns_b,
          glass_columns_c, glass_columns_a, glass_columns_a,
          gup_sewer_entry_pipe
D:5:      layout_loops_ring, nicolae_kikubaaqudgha_miasma_corner,
          mainiacjoe_overflow_six_doors_small, minmay_misc_feat_diagonals
D:6:      cheibrodos_fzero, layout_basic, fedhas_altar_fruit_tree,
          minmay_temple_entry_mist
D:7:      minmay_the_grid_octo_tiled_squarecenter
          [minmay_the_grid_octo_clover_2, minmay_the_grid_octo_horde,
          minmay_the_grid_octo_pinwheel, minmay_the_grid_octo_checkerflower,
          minmay_the_grid_square_5x5_megaprize_open,
          minmay_the_grid_square_5x5_forky, minmay_the_grid_square_5x5_minimal,
          minmay_the_grid_square_5x5_moneybag,
          minmay_the_grid_square_5x5_broken_cross], layout_loops_ring,
          overflow_temple_1_default, nicolae_gozag_seed_capital,
          nicolae_vehumet_radiance, okawaru_altar_gauntlet_db
Temple:   nicolae_temple_x_marks_the_god

Skill      XL: |  1  2  3  4  5  6  7  8  9 10 |
---------------+-------------------------------+-----
Fighting       | 4 5 6 8 9 |  9.8
Armour         | 4 5 6 8 9 10 | 10.6
Long Blades    | 3 |  3.1
Short Blades   | 3 8 |  8.7
Maces & Flails | |  2.0
Shields        | |  3.2

Action                   |  1- 3 |  4- 6 |  7- 9 | 10-12 || total
-------------------------+-------+-------+-------+-------++-------
Melee: Flail             |   123 |    21 |       |       ||   144
       Long sword        |       |   160 |   238 |       ||   398
       Dagger            |       |       |   174 |   277 ||   451
Invok: Berserk           |       |       |       |     1 ||     1
  Use: Potion            |       |     1 |    13 |     6 ||    20
       Scroll            |       |       |    17 |       ||    17
Armor: Scale mail        |    68 |    25 |       |       ||    93
       Chain mail        |       |   118 |   274 |   160 ||   552
Dodge: Dodged            |    67 |    87 |   173 |    91 ||   418
Block: Buckler           |    24 |    41 |    74 |    54 ||   193
